 Dungeon Crawl Stone Soup version 0.25-a0-341-g6f074c887a (webtiles) character file.

Game seed: 8472997064073711688, levelgen mode: deterministic

804 Aggronaut the Grappler (level 7, -4/57 HPs)
             Began as a Ghoul Monk on Dec 30, 2019.
             Was a Believer of Makhleb.
             Slain by Pikel
             ... wielding a +0 whip of electrocution
              (19 damage)
             ... on level 5 of the Dungeon.
             The game lasted 00:16:59 (4532 turns).

Aggronaut the Grappler (Ghoul Monk)                 Turns: 4532, Time: 00:16:59

Health: -4/57      AC:  3    Str: 17    XL:     7   Next: 91%
Magic:  9/9        EV: 12    Int:  5    God:    Makhleb [**....]
Gold:   268        SH:  0    Dex: 11    Spells: 6/6 levels left

rFire    . . .     SeeInvis .     - Unarmed
rCold    + . .     Gourm    .   (no shield)
rNeg     + + +     Faith    .   n - +1 ring mail
rPois    ∞         Spirit   .   (no helmet)
rElec    .         Reflect  .   h - +0 cloak
rCorr    .         Harm     .   (no gloves)
MR       .....                  (no boots)
Stlth    ++........             (no amulet)
HPRegen  0.00/turn              (no ring)
MPRegen  0.11/turn              (no ring)

@: corroded, rotting
A: rotting body, claws 1, carnivore, cold resistance 1, negative energy
resistance 3, inhibited regeneration, torment resistance, unbreathing
a: Minor Destruction, Renounce Religion


You were on level 5 of the Dungeon.
You worshipped Makhleb.
Makhleb was pleased with you.
You were not hungry.

You visited 2 branches of the dungeon, and saw 6 of its levels.

You collected 268 gold pieces.

Inventory:

Hand Weapons
 f - a +2 dagger of protection
Missiles
 g - 21 poisoned darts (quivered)
Armour
 h - a +0 cloak (worn)
 n - a +1 ring mail (worn)
Jewellery
 c - an uncursed ring of protection from fire {unknown}
 r - a +5 ring of dexterity
 t - an uncursed amulet of magic regeneration
Scrolls
 a - 2 scrolls of noise {unknown}
 d - 3 scrolls of identify
 e - 2 scrolls of enchant weapon {unknown}
 j - 3 scrolls of teleportation
 k - 3 scrolls of remove curse
 m - a scroll of enchant armour
Potions
 i - a potion of cancellation
 p - a potion of magic {unknown}
 q - a potion of might {unknown}
Comestibles
 b - 13 rations


   Skills:
 - Level 3.2 Fighting
 - Level 3.5 Dodging
 - Level 3.7 Stealth
 * Level 8.0 Unarmed Combat
 + Level 4.0 Invocations


You had 6 spell levels left.
You didn't know any spells.
Your spell library was empty.

Dungeon Overview and Level Annotations

Branches:
Dungeon (5/15)             Temple (1/1) D:4

Altars:
Ashenzari
Cheibriados
Dithmenos
Elyvilon
Fedhas
Gozag
Hepliaklqana
Kikubaaqudgha
Makhleb
Nemelex Xobeh
Okawaru
Qazlal
Ru
Trog
Uskayaw
Vehumet
Wu Jian
Xom
Yredelemnul
Zin
The Shining One

Annotations:
D:5 Pikel


Innate Abilities, Weirdness & Mutations

Your body is rotting away.
You thrive on raw meat.
You are immune to poison.
You have sharp fingernails.
You are carnivorous and can eat meat at any time.
Your flesh is cold resistant. (rC+)
You are immune to negative energy. (rN+++)
You do not regenerate when monsters are visible.
You are immune to unholy pain and torment.
You can survive without breathing.


Message History

Done exploring.
Level map cleared.
Pikel is too close now for your liking.
Pikel shouts!
You hear a shout!
Pikel zaps a wand.
The bolt of acid hits you! The acid corrodes you!
You are splashed with acid!
Pikel hits you but does no damage.
You scratch Pikel.
Pikel is lightly wounded.
Pikel zaps a wand.
The bolt of acid hits you!
You are splashed with acid!
* * * LOW HITPOINT WARNING * * *
You closely miss Pikel.
Pikel is lightly wounded.
Pikel closely misses you.
You closely miss Pikel.
Pikel is lightly wounded.
Pikel hits you with a +0 whip of electrocution.
* * * LOW HITPOINT WARNING * * *
You are electrocuted!!
You die...

*,**,*,***,**,,,****+***,*****,*
*,,,,*,,,,,**,..',,*,* *,,,,,,,*
****,*******,,,.**,*,***,,******
,,,,,,,,,,,*,,,.**,*,*,,,,****
****,*****,*,,,p##,*,*,**,,,,*
*,,,,,*,****#..,*,*,**,**,*
****,**,* #p#,*,*,**###,*
*,*,**,* #K#,*,#,,)..#,*
*****'*'**,* #@###.#***#.#,*
,,,,,,,,,,,* #.....# #^#,* **
,!,,,,,,,,,* #..#### #.#,* *,
,,,,,,,,,,,* ##..########.#,***,
,,,,,,,,,,,***#............#,,,',
,,,,,,,,,,,...'...#######..#####.
,,,,,,,,,,*####...# #............
,,,,,,,,,,* ##### #.###.#...>..
,,,,,,,,,,* ###'#...#.#####


You could see Pikel and 2 slaves.

Vanquished Creatures
  2 slaves
  2 phantoms
  An ogre (D:5)
  A wyvern skeleton (D:5)
  A scorpion (D:5)
  A howler monkey (D:3)
  3 orc wizards
  2 orc priests (D:5)
  A hound (D:4)
  An iguana (D:5)
  A howler monkey zombie (D:5)
  3 gnolls (D:4)
  6 adders
  2 oozes (D:1)
  2 adder skeletons (D:5)
  An adder zombie (D:5)
  2 worms (D:3)
  5 dart slugs
  2 leopard geckos
  13 orcs
  4 giant cockroaches
  6 hobgoblins
  6 jackals
  2 quokkas
  A ball python (D:1)
  12 bats
  3 frilled lizards
  3 goblins (D:3)
  7 kobolds
  A quokka skeleton (D:5)
  5 rats
102 creatures vanquished.

Notes
Turn   | Place    | Note
-------+----------+-------------------------------------------
     0 | D:1      | Aggronaut the Ghoul Monk began the quest for the Orb.
     0 | D:1      | Reached XP level 1. HP: 19/19 MP: 0/0
   203 | D:1      | Reached XP level 2. HP: 26/26 MP: 1/1
   529 | D:1      | Reached skill level 4 in Unarmed Combat
   529 | D:1      | Reached XP level 3. HP: 31/31 MP: 2/2
  1168 | D:2      | Reached XP level 4. HP: 35/38 MP: 3/3
  1723 | D:3      | Reached skill level 5 in Unarmed Combat
  1723 | D:3      | Reached XP level 5. HP: 19/45 MP: 4/4
  1823 | D:3      | Found a hide-covered altar of Uskayaw.
  2247 | D:4      | Found a staircase to the Ecumenical Temple.
  2263 | Temple   | Entered the Ecumenical Temple
  2677 | Temple   | Became a worshipper of Makhleb the Destroyer
  2677 | Temple   | Reached * piety under Makhleb
  2677 | Temple   | Reached ** piety under Makhleb
  2853 | D:4      | Reached skill level 1 in Invocations
  2853 | D:4      | Reached XP level 6. HP: 47/51 MP: 5/5
  2885 | D:4      | Noticed a phantom
  2998 | D:4      | Killed a phantom
  2998 | D:4      | Reached skill level 6 in Unarmed Combat
  3370 | D:5      | Entered Level 5 of the Dungeon
  3447 | D:5      | Noticed a phantom
  3456 | D:5      | Killed a phantom
  3456 | D:5      | Reached skill level 7 in Unarmed Combat
  3456 | D:5      | Reached XP level 7. HP: 52/56 MP: 6/8
  3616 | D:5      | Noticed Pikel
  4136 | D:5      | Reached skill level 8 in Unarmed Combat
  4532 | D:5      | Slain by Pikel

Levels and vault maps discovered:
D:1:      dpeg_arrival_pits, layout_basic
D:2:      wander_river, layout_rooms, first_ration
D:3:      layout_rooms, kennysheep_another_room, lemuel_altar_in_water
D:4:      layout_rooms, minmay_temple_entry_overgrown
D:5:      layout_basic, portal_sewer_entry_d, uniq_pikel
Temple:   compressed_dpeg_triangle_lava_temple

Skill      XL: |  1  2  3  4  5  6  7 |
---------------+----------------------+-----
Unarmed Combat | 4 5 7 8 |  8.0
Dodging        | 3 |  3.5
Stealth        | 3 |  3.7
Invocations    | 1 3 4 |  4.0
Fighting       | |  3.2

Action                   |  1- 3 |  4- 6 |  7- 9 || total
-------------------------+-------+-------+-------++-------
Melee: Unarmed           |   118 |   182 |    99 ||   399
       Punch             |       |     4 |     2 ||     6
Throw: Dart              |       |    20 |     8 ||    28
  Use: Scroll            |     2 |     4 |     1 ||     7
       Potion            |       |     2 |     2 ||     4
 Stab: Sleeping          |     4 |     1 |       ||     5
  Eat: Chunk             |     1 |     7 |     5 ||    13
Armor: Robe              |    38 |     1 |       ||    39
       Ring mail         |       |    64 |    20 ||    84
Dodge: Dodged            |   106 |   102 |    48 ||   256

Table legend:
 A = Non-vault XP
 B = Vault XP
 C = Vault XP percentage of total XP
 D = Non-vault monster count
 E = Vault monster count
 F = Vault count percentage of total count
                 A         B        C        D         E       F
            +---------+---------+-------+---------+---------+-------
      Total |    1136 |      13 |   1.1 |      99 |       1 |   1.0
            +---------+---------+-------+---------+---------+-------
        D:1 |      54 |       0 |   0.0 |      21 |       0 |   0.0
        D:2 |      44 |       0 |   0.0 |      18 |       0 |   0.0
        D:3 |     133 |       0 |   0.0 |      25 |       0 |   0.0
        D:4 |     277 |       0 |   0.0 |      13 |       0 |   0.0
        D:5 |     628 |      13 |   2.0 |      22 |       1 |   4.3
            +---------+---------+-------+---------+---------+-------
